 Dungeon Crawl Stone Soup version 0.25.1-2-g60ff931df9 (webtiles) character file.

Game seed: 13116411975752616463

124194 jiiam the Executioner (level 16, 0/135 HPs)
             Began as a Minotaur Berserker on Nov 8, 2020.
             Was a High Priest of Trog.
             Succumbed to a nagaraja's splash of poison
             ... on level 4 of the Snake Pit on Nov 9, 2020.
             The game lasted 02:35:27 (39892 turns).

jiiam the Executioner (Minotaur Berserker)         Turns: 39892, Time: 02:35:27

Health: 0/135      AC: 21    Str: 25    XL:     16   Next: 38%
Magic:  6/6        EV: 16    Int:  5    God:    Trog [*****.]
Gold:   1343       SH:  0    Dex: 13    Spells: 15/15 levels left

rFire    . . .     SeeInvis +   q - +2 battleaxe (antimagic)
rCold    . . .     Gourm    .   (shield currently unavailable)
rNeg     . . .     Faith    +   E - +0 scale mail {rPois}
rPois    +         Spirit   .   O - +2 hat {SInv}
rElec    .         Reflect  .   M - +2 cloak
rCorr    +         Harm     .   j - +0 pair of gloves
MR       +....                  h - +0 pair of boots
Stlth    ..........             Y - amulet of faith
HPRegen  0.32/turn              r - ring of resist corrosion
MPRegen  0.10/turn              J - +4 ring of protection {=R}

@: lethally poisoned (0 -> -14), about to teleport
A: retaliatory headbutt, horns 2
a: Berserk, Trog's Hand, Brothers in Arms, Renounce Religion


You were on level 4 of the Snake Pit.
You worshipped Trog.
Trog was extremely pleased with you.
You were not hungry.

You visited 4 branches of the dungeon, and saw 24 of its levels.

You collected 2464 gold pieces.
You spent 1121 gold pieces at shops.

Inventory:

Hand Weapons
 q - a +2 antimagic battleaxe (weapon)
 w - a +2 vorpal battleaxe
 T - a +2 dire flail of protection
Missiles
 G - 20 boomerangs (quivered)
Armour
 h - a +0 pair of boots (worn)
 j - a +0 pair of gloves (worn)
 E - a +0 scale mail of poison resistance (worn)
 M - a +2 cloak (worn)
 O - a +2 hat of see invisible (worn)
 Q - a +1 leather armour of fire resistance
 U - a +0 plate armour of magic resistance
Jewellery
 r - a ring of resist corrosion (left hand)
 J - a +4 ring of protection (right hand) {=R}
 Y - an amulet of faith (around neck)
Wands
 b - a wand of iceblast (24)
 d - a wand of disintegration (13)
 p - a wand of flame (35)
 y - a wand of acid (15)
 F - a wand of paralysis (13)
 P - a wand of clouds (7)
 R - a wand of enslavement (13)
Scrolls
 g - a scroll of brand weapon {unknown}
 i - a scroll of silence {unknown}
 k - 19 scrolls of remove curse {@r2}
 m - a scroll of holy word {unknown}
 n - 9 scrolls of fear
 o - 5 scrolls of enchant armour
 u - 2 scrolls of fog
 v - a scroll of summoning
 x - 5 scrolls of enchant weapon
 z - a scroll of teleportation
 H - 2 scrolls of acquirement
 I - a scroll of blinking
 K - a scroll of immolation
 N - 2 scrolls of vulnerability {unknown}
 Z - 2 scrolls of magic mapping {unknown}
Potions
 a - 3 potions of berserk rage {unknown}
 f - 4 potions of magic
 l - 4 potions of invisibility {unknown}
 s - 3 potions of lignification
 t - 2 potions of ambrosia
 A - a potion of mutation {unknown}
 B - 3 potions of flight
 C - 2 potions of haste
 L - 4 potions of might
 S - 2 potions of resistance
 V - 3 potions of stabbing {unknown}
Comestibles
 c - 22 rations


   Skills:
 - Level 10.4 Fighting
 - Level 26.0 Axes
 + Level 3.7 Throwing
 * Level 11.9 Armour
 + Level 10.2 Dodging
 - Level 4.0 Evocations


You had 15 spell levels left.
You didn't know any spells.
Your spell library was empty.

Dungeon Overview and Level Annotations

Branches:
Dungeon (12/15)            Temple (0/1) D:4            Lair (6/6) D:8
 Shoals (0/4) Lair:4        Snake (4/4) Lair:3        Slime (0/5) Lair:5
    Orc (2/2) D:12            Elf (0/3) Orc:2

Altars:
Ashenzari
Okawaru
Xom
The Shining One
Beogh

Shops:
D:4 (   D:5 ?   D:7 (   Orc:2 (*:*   Snake:1 ?   Snake:3 =[

Portals:
Pandemonium: Orc:2

Annotations:
D:7 2 transporters, lawnmower's ghost, novice DrCj
D:12 Snorg
Snake:2 1 runed translucent door, Zoeskano's ghost, adept MiBe
Snake:3 exclusion: oklob plant


Innate Abilities, Weirdness & Mutations

You reflexively headbutt those who attack you in melee.
You have a pair of horns on your head.


Message History

The splash of poison hits you.
You are more poisoned.
You resist.
* * * LOW HITPOINT WARNING * * *
The salamander mystic barely misses you.
The guardian serpent hits you but does no damage.
The naga closely misses you.
* * * LOW HITPOINT WARNING * * *
You feel sick.
The guardian serpent coils itself and waves its upper body at you.
You easily resist.
The nagaraja hits you but does no damage.
The naga hits you but does no damage.
The salamander mystic hits you but does no damage.
You slice the salamander mystic like a ripe choko!!!
The salamander mystic's magic leaks into the air.
Your headbutt misses the salamander mystic.
The salamander mystic is severely wounded.
You completely miss the guardian serpent.
You die...

<..# #.....##..######...#.#..
#### #.#..##..## ##...#.. .#
##...###..# #########.... .#
##...###...# #......##...#
.###.........## #...........##
###.....#.#### #....^...##...
##..#...#.# ###......N....
......###.# #######.........
.....###..# #.@.# #.........
........(######N.S###......###
......#####..).NNN.......###
...#####[.....##.###..####
....().).##...##.).)..#
###(######...#####''### #.((#
#...# #))[)# ....# #...#
#..:.()# ...(# ######...##...#


You could see 2 nagarajas, a salamander mystic, a guardian serpent and a naga
(fast, catching breath).

Vanquished Creatures
  Rupert (D:12)
  4 nagarajas
  A dire elephant (Lair:6)
  5 naga warriors
  2 catoblepae
  2 hydras
  8 anacondas
  2 two-headed ogres
  9 death yaks
  14 naga sharpshooters
  7 shock serpents
  5 orc high priests
  2 sixfirhies (Orc:2)
  A salamander mystic (Snake:4)
  A gelid demonspawn (Orc:2)
  4 naga ritualists
  An unseen horror (D:11)
  3 torturous demonspawn (Orc:2)
  8 mana vipers
  A necromancer (Lair:3)
  7 orc sorcerers
  4 orc knights
  2 cyclopes (D:12)
  4 salamanders
  12 elephants
  29 black mambas
  17 naga magi
  A centaur zombie (D:11)
  8 guardian serpents
  5 spiny frogs
  A gargoyle (D:12)
  2 kobold demonologists (D:11)
  4 rime drakes
  7 komodo dragons
  2 ice devils
  3 trolls
  A queen bee (Lair:1)
  Grinder (D:3)
  A polar bear (Lair:6)
  26 blink frogs
  6 hippogriffs
  A raiju (shapeshifter) (D:10)
  A snapping turtle (Lair:4)
  A meliai zombie (D:9)
  Sigmund (D:4)
  A ynoxinul (Orc:2)
  36 yaks
  2 wraiths (D:12)
  3 wyverns
  A water elemental (D:10)
  4 basilisks
  A chaos spawn (Orc:2)
  4 wargs
  38 nagas
  3 hungry ghosts
  An acid dragon (D:11)
  9 water moccasins
  7 porcupines
  35 orc warriors
  2 sky beasts
  3 elephant zombies (Lair:3)
  6 ice beasts
  A black bear (D:8)
  2 necrophages
  2 phantoms
  9 ogres
  7 centaurs
  7 crocodiles
  2 big kobolds
  9 bullfrogs
  A wyvern zombie (D:12)
  A scorpion (D:9)
  29 killer bees
  5 wights (D:9)
  3 electric eels
  4 howler monkeys
  2 crimson imps
  A bullfrog zombie (D:5)
  2 quasits
  2 jellies
  18 orc wizards
  30 orc priests
  A basilisk zombie (Lair:3)
  2 bullfrog skeletons
  4 hounds
  Ijyb (D:4)
  3 iguanas
  Natasha (D:3)
  9 worker ants
  A crocodile zombie (Lair:3)
  A hound zombie (D:8)
  3 hound skeletons
  A howler monkey zombie (D:5)
  A howler monkey skeleton (D:11)
  11 adders
  4 shadow imps
  5 oozes
  3 adder zombies (D:9)
  8 worms
  4 dart slugs
  6 leopard geckos
  96 orcs
  3 ball pythons
  10 giant cockroaches
  7 goblins
  11 hobgoblins
  12 jackals
  9 kobolds
  4 quokkas
  9 bats
  12 frilled lizards
  2 jackal skeletons
  A quokka zombie (D:7)
  14 rats
  2 plants (Lair:6)
782 creatures vanquished.

Vanquished Creatures (collateral kills)
  Vashnia (Snake:3)
  A nagaraja (Snake:4)
  3 naga sharpshooters
  A mana viper (Snake:4)
  A black mamba (Snake:4)
  A naga mage (Snake:4)
  A troll (Orc:2)
  6 nagas
  An orc priest (Orc:1)
16 creatures vanquished.

Vanquished Creatures (others)
  A guardian serpent (Snake:4)
  A naga (Snake:3)
  An orc priest (Orc:2)
  A hound (D:9)
  An orc wizard (Orc:2)
  4 fungi
  A plant (Lair:1)
10 creatures vanquished.

Grand Total: 808 creatures vanquished

Notes
Turn   | Place    | Note
-------+----------+-------------------------------------------
     0 | D:1      | jiiam the Minotaur Berserker began the quest for the Orb.
     0 | D:1      | Reached XP level 1. HP: 19/19 MP: 0/0
   288 | D:1      | Reached XP level 2. HP: 23/27 MP: 1/1
   368 | D:1      | Reached skill level 4 in Axes
   736 | D:1      | Reached ** piety under Trog
   742 | D:1      | Reached XP level 3. HP: 21/33 MP: 2/2
  1862 | D:2      | Reached XP level 4. HP: 40/40 MP: 3/3
  2202 | D:2      | You fall into a shaft and drop 1 floor!
  2365 | D:3      | Reached skill level 5 in Axes
  3283 | D:3      | Noticed Natasha
  3302 | D:3      | Killed Natasha
  3302 | D:3      | Reached XP level 5. HP: 47/47 MP: 4/4
  3366 | D:3      | Reached *** piety under Trog
  3770 | D:3      | Noticed Grinder
  3794 | D:3      | Killed Grinder
  3794 | D:3      | Reached skill level 5 in Fighting
  3794 | D:3      | Reached skill level 6 in Axes
  3794 | D:3      | Reached XP level 6. HP: 26/56 MP: 5/5
  4425 | D:4      | Found a staircase to the Ecumenical Temple.
  4577 | D:4      | Reached XP level 7. HP: 35/61 MP: 6/6
  4765 | D:4      | Noticed Sigmund
  4773 | D:4      | Killed Sigmund
  4773 | D:4      | Reached skill level 7 in Axes
  4773 | D:4      | Reached skill level 5 in Armour
  4906 | D:4      | Noticed Ijyb
  4911 | D:4      | Killed Ijyb
  4947 | D:4      | Found Hoitulof's Weapon Boutique.
  5117 | D:5      | Entered Level 5 of the Dungeon
  5141 | D:5      | Reached **** piety under Trog
  5440 | D:5      | Reached skill level 5 in Dodging
  5440 | D:5      | Reached XP level 8. HP: 70/70 MP: 7/7
  5470 | D:5      | Reached skill level 8 in Axes
  5710 | D:5      | Found Faycaut's Magic Scroll Emporium.
  5714 | D:5      | Bought a scroll of noise for 15 gold pieces
  5714 | D:5      | Bought a scroll of teleportation for 45 gold pieces
  6454 | D:6      | Reached skill level 9 in Axes
  7909 | D:7      | Noticed a hippogriff
  7922 | D:7      | Killed a hippogriff
  7922 | D:7      | Reached XP level 9. HP: 73/79 MP: 8/8
  8003 | D:7      | Reached ***** piety under Trog
  8039 | D:7      | Found Zasyefox's Antique Weapon Boutique.
  8202 | D:7      | You fall into a shaft and drop 2 floors!
  8229 | D:8      | Reached skill level 10 in Axes
  8329 | D:8      | Noticed a two-headed ogre
  8342 | D:8      | Killed a two-headed ogre
  8621 | D:7      | Noticed lawnmower's ghost (novice DrCj)
  8621 | D:7      | Noticed a moth of wrath
  8621 | D:7      | Noticed a komodo dragon
  8630 | D:7      | Found a transporter.
  8644 | D:7      | Found a transporter.
  8851 | D:8      | Received a gift from Trog
  8864 | D:8      | Reached skill level 11 in Axes
  8966 | D:8      | Reached XP level 10. HP: 11/90 MP: 9/9
  9305 | D:8      | Found a staircase to the Lair.
  9736 | D:8      | Found a roughly hewn altar of Beogh.
 10213 | D:9      | Reached skill level 12 in Axes
 10260 | D:9      | Found a shimmering altar of Xom.
 11144 | D:9      | Noticed a two-headed ogre
 11155 | D:9      | Killed a two-headed ogre
 11523 | D:10     | Entered Level 10 of the Dungeon
 11815 | D:10     | Reached XP level 11. HP: 73/99 MP: 10/10
 11820 | D:10     | Reached skill level 13 in Axes
 12238 | D:10     | Reached skill level 10 in Fighting
 12669 | D:11     | Killed an unseen horror
 12674 | D:11     | Reached skill level 10 in Armour
 13537 | D:11     | Reached ****** piety under Trog
 13552 | D:11     | Reached skill level 1 in Evocations
 13562 | D:11     | Noticed a soul eater
 13572 | D:11     | Reached skill level 14 in Axes
 13881 | Lair:1   | Entered Level 1 of the Lair of Beasts
 13886 | Lair:1   | Noticed an eight-headed hydra
 14269 | D:12     | Noticed Rupert
 14292 | D:12     | Killed Rupert
 14292 | D:12     | Received a gift from Trog
 14459 | D:12     | Reached skill level 15 in Axes
 14583 | D:12     | Noticed a seven-headed hydra
 14585 | D:12     | Noticed Snorg
 14828 | D:12     | Reached XP level 12. HP: 107/107 MP: 4/13
 15332 | D:12     | Found a staircase to the Orcish Mines.
 15634 | Orc:1    | Entered Level 1 of the Orcish Mines
 16017 | Orc:1    | Found an iron altar of Okawaru.
 16152 | Orc:2    | Entered Level 2 of the Orcish Mines
 16418 | Orc:2    | Found a roughly hewn altar of Beogh.
 16489 | Orc:2    | Reached skill level 16 in Axes
 16489 | Orc:2    | Paralysed by an orc sorcerer for 3 turns
 17764 | Orc:2    | HP: 4/107 [orc priest/divine providence (11)]
 17993 | Orc:2    | Reached skill level 17 in Axes
 18270 | Orc:2    | Received a gift from Trog
 18271 | Orc:2    | Got a jewelled dagger {god gift}
 18271 | Orc:2    | Lost intelligence.
 18271 | Orc:2    | Identified the +9 dagger "Foohe" {vorpal, Str+6 Int-5 Dex+3
                  | Stlth+} (Trog gifted it to you on level 2 of the Orcish
                  | Mines)
 18539 | Orc:2    | Found Selod's General Store.
 18540 | Orc:2    | Found Nuyreips's General Store.
 18733 | Orc:2    | Noticed an orc high priest
 19156 | Orc:2    | Paralysed by an orc sorcerer for 3 turns
 19163 | Orc:1    | Reached skill level 18 in Axes
 19738 | Lair:1   | Got a shimmering turquoise ring
 19776 | Lair:1   | Killed an eight-headed hydra
 19776 | Lair:1   | Reached XP level 13. HP: 114/114 MP: 5/15
 20152 | Lair:1   | Identified the ring "Qyduedd" {Ice Int+4} (You found it on
                  | level 1 of the Lair of Beasts)
 20388 | Lair:2   | Received a gift from Trog
 21042 | Lair:3   | Found a staircase to the Snake Pit.
 21484 | Lair:3   | Reached skill level 19 in Axes
 23447 | Lair:4   | Found a staircase to the Shoals.
 23458 | Lair:4   | Reached skill level 20 in Axes
 24818 | Lair:5   | Reached skill level 21 in Axes
 25128 | Lair:5   | Received a gift from Trog
 25129 | Lair:5   | Got a steaming bardiche {god gift}
 25130 | Lair:5   | Identified the +1 bardiche of Suibbor {vorpal, rC+} (Trog
                  | gifted it to you on level 5 of the Lair of Beasts)
 25261 | Lair:5   | Found a staircase to the Slime Pits.
 25312 | Lair:5   | Reached XP level 14. HP: 122/122 MP: 5/16
 26150 | Lair:6   | Entered Level 6 of the Lair of Beasts
 26365 | Lair:6   | Reached skill level 22 in Axes
 26379 | Lair:6   | Received a gift from Trog
 28309 | Orc:2    | Reached skill level 23 in Axes
 28707 | Orc:2    | Found Joub's Book Shoppe.
 28707 | Orc:2    | Found Teirchesu's Antique Weapon Emporium.
 28707 | Orc:2    | Found a one-way gate leading to the halls of Pandemonium.
 28771 | Orc:2    | Found a staircase to the Elven Halls.
 29147 | Orc:1    | You fall into a shaft and drop 1 floor!
 29484 | Snake:1  | Entered Level 1 of the Snake Pit
 29680 | Snake:1  | Found Fefekali's Magic Scroll Boutique.
 29697 | Snake:1  | Found a shattered altar of Ashenzari.
 29748 | Snake:1  | Bought a scroll of blinking for 90 gold pieces
 30003 | Snake:1  | Identified the ring "Elonkug" {Ice rPois rN+ MP+9 Str-4}
 30636 | Snake:1  | Reached XP level 15. HP: 126/128 MP: 5/17
 31250 | Snake:1  | Got a vibrating glass ring
 31337 | Snake:1  | Identified the ring "Letsan" {*Tele rF+ rN++ Slay-2} (You
                  | found it on level 1 of the Snake Pit)
 31649 | Snake:2  | Noticed a nagaraja
 31662 | Snake:2  | Killed a nagaraja
 31662 | Snake:2  | Reached skill level 24 in Axes
 32709 | Snake:2  | Noticed a nagaraja
 32724 | Snake:2  | Killed a nagaraja
 33336 | Snake:2  | Found a runed translucent door.
 33338 | Snake:2  | Noticed Zoeskano's ghost (adept MiBe)
 33892 | Snake:2  | Received a gift from Trog
 33955 | Snake:2  | Identified 2 scrolls of acquirement
 34543 | Snake:3  | Found a glowing golden altar of the Shining One.
 34708 | Snake:3  | Reached skill level 25 in Axes
 34968 | Snake:3  | Noticed Vashnia
 35137 | Snake:3  | Killed Vashnia
 35694 | Snake:3  | Noticed a nagaraja
 35739 | Snake:3  | Killed a nagaraja
 36269 | Snake:3  | Found Gaexkijo's Antique Armour Emporium.
 36269 | Snake:3  | Found Arhe's Jewellery Shoppe.
 36307 | Snake:4  | Entered Level 4 of the Snake Pit
 36419 | Snake:3  | Received a gift from Trog
 36912 | Snake:4  | Reached skill level 26 in Axes
 37227 | Snake:4  | Reached XP level 16. HP: 105/135 MP: 5/18
 37351 | Snake:4  | Reached skill level 1 in Throwing
 38696 | Snake:4  | Reached skill level 10 in Dodging
 39431 | Snake:3  | Bought an embroidered cloak for 217 gold pieces
 39431 | Snake:3  | Bought a runed plate armour for 754 gold pieces
 39889 | Snake:4  | HP: 5/135 [rock wall collision (32)]
 39890 | Snake:4  | HP: 2/135 [nagaraja/splash of poison (2)]
 39892 | Snake:4  | Succumbed to a nagaraja's splash of poison

Illustrated notes

Levels and vault maps discovered:
D:1:      eino_arrival_water_star, layout_loops_ring, kennysheep_pointless_box,
          hex_medium
D:2:      layout_basic
D:3:      layout_loops_corners, minmay_fractal_squares_diagonal_5, uniq_grinder,
          uniq_natasha
D:4:      layout_loops_ring, minmay_temple_entry_junction, serial_shops,
          nicolae_shop_trees, uniq_ijyb, uniq_sigmund
D:5:      layout_gridville, serial_shops, shop, first_ration
D:6:      layout_basic
D:7:      layout_rooms, serial_shops, shop, gammafunk_ghost_berserking_beasts,
          grunt_ogre_cave, serial_bayou_pond_a
D:8:      layout_loops_ring, erik_lair_orcish_takeover, special_room
          [special_room_orc]
D:9:      layout_small_grid, xom_confusion_cloud, kennysheep_donut,
          minmay_misc_feat_tower
D:10:     layout_basic
D:11:     layout_loops_ring, fountainhead
D:12:     layout_grid_maze, orc_0_dummy, uniq_sonja, uniq_snorg, uniq_rupert
Lair:1:   layout_gridlike, special_room [special_room_bee]
Lair:2:   layout_gridlike
Lair:3:   pond_and_an_island_with_a_cottage, layout_chaotic_city,
          minmay_snake_entry_spellcaster
Lair:4:   layout_cave_shapes, minmay_shoals_entry_hut, serial_bayou_shore_b
Lair:5:   layout_layer_cave, nicolae_slime_entry_slimehenge, grunt_megastairs_2
Lair:6:   due_jungle_book, layout_gridlike, infiniplex_staircase_pool,
          grunt_megastairs_5
Snake:1:  layout_chambers, basic_altar, minmay_shop_star
Snake:2:  layout_rooms, ebering_ghost_reflecting_pool
Snake:3:  layout_cave_town, lemuel_oklob_altar, minmay_shoptagon, uniq_vashnia
Snake:4:  johnstein_snake_rune_scales, layout_misc_corridors,
          serial_bayou_shore_b
Orc:1:    layout_diamond_mine, okawaru_metal_pillars_1_2
Orc:2:    pf_orc_diabolical, layout_caves, basic_altar

Skill      XL: |  1  2  3  4  5  6  7  8  9 10 11 12 13 14 15 16 |
---------------+-------------------------------------------------+-----
Axes           | 4 5 6 7 9 11 12 15 18 21 23 26 | 26.0
Fighting       | 4 5 6 7 8 9 10 | 10.4
Armour         | 3 4 5 6 8 9 10 11 | 11.9
Dodging        | 3 4 5 6 7 8 9 10 | 10.2
Evocations     | 3 4 |  4.0
Throwing       | 3 |  3.7

Action                   |  1- 3 |  4- 6 |  7- 9 | 10-12 | 13-15 | 16-18 || total
-------------------------+-------+-------+-------+-------+-------+-------++-------
Melee: Hand axe          |   104 |   157 |       |   389 |       |       ||   650
       Headbutt          |    10 |    32 |    54 |   170 |   234 |    37 ||   537
       Battleaxe         |       |    18 |   159 |   306 |  1005 |   157 ||  1645
       Glaive            |       |       |   114 |    16 |       |       ||   130
       Dire flail        |       |       |       |     3 |     6 |       ||     9
Throw: Stone             |       |     3 |     2 |     5 |       |       ||    10
       Boomerang         |       |       |       |    62 |    80 |    56 ||   198
Invok: Berserk           |     1 |     3 |     9 |    16 |    21 |     3 ||    53
       Trog's Hand       |       |       |     2 |    10 |    27 |       ||    39
       Brothers in Arms  |       |       |       |     2 |     2 |     1 ||     5
Evoke: Wand              |       |       |       |       |     5 |       ||     5
  Use: Potion            |       |     1 |     1 |     3 |     6 |     6 ||    17
       Scroll            |       |     5 |     1 |    13 |    13 |    11 ||    43
  Eat: Chunk             |     4 |    11 |    23 |    38 |    37 |     7 ||   120
       Ration            |       |       |       |     6 |    15 |     1 ||    22
Armor: Animal skin       |    21 |     4 |       |       |       |       ||    25
       Chain mail        |       |    51 |    85 |       |       |       ||   136
       Plate armour      |       |       |    62 |   330 |    83 |       ||   475
       Leather armour    |       |       |       |     2 |       |       ||     2
       Scale mail        |       |       |       |       |   298 |    59 ||   357
Dodge: Dodged            |    73 |    77 |   145 |   294 |   483 |   103 ||  1175
